 Dungeon Crawl Stone Soup version 0.29.1-1-gd02db6906a (webtiles) character file.

Game seed: 10020281189727299440

22960 groovy9 the Thaumaturge (level 12, -6/71 HPs)
             Began as a Deep Elf Conjurer on Sept 24, 2022.
             Was an Elder of Vehumet.
             Mangled by a guardian serpent (14 damage)
             ... on level 3 of the Lair of Beasts.
             The game lasted 01:17:39 (18104 turns).

groovy9 the Thaumaturge (Deep Elf Conjurer)        Turns: 18104, Time: 01:17:39

Health: -6/71      AC: 11    Str:  6    XL:     12   Next: 67%
Magic:  29/39      EV: 14    Int: 29    God:    Vehumet [****..]
Gold:   788        SH: 14    Dex: 19    Spells: 19/35 levels left

rFire   + + +      SeeInvis .   k - +2 dagger (drain)
rCold   + + .      Faith    .   q - +2 kite shield
rNeg    + . .      Spirit   .   D - +1 leather armour {Will+}
rPois   .          Reflect  .   (no helmet)
rElec   .          Harm     .   u - +1 cloak
rCorr   +          Rampage  .   c - +2 pair of gloves
Will    ++...                   (no boots)
Stlth   ++........              y - amulet "Finnic" {rC+ Regen+ Str+2}
HPRegen 1.01/turn               I - ring of magical power
MPRegen 0.26/turn               p - ring of Monoodid {rF+++ rN+ rCorr Dex+6}

@: lethally poisoned (-6 -> -11), studying 2 skills
A: iridescent scales 1, cold resistance 1, wild magic 1
a: Renounce Religion


You were on level 3 of the Lair of Beasts.
You worshipped Vehumet.
Vehumet was greatly pleased with you.
You visited 3 branches of the dungeon, and saw 15 of its levels.
You also visited: Sewer.

You collected 788 gold pieces.

Inventory:

Hand Weapons
 k - a +2 dagger of draining (weapon)
Missiles
 A - a curare-tipped dart
 H - 4 throwing nets
Armour
 a - a +0 robe
 c - a +2 pair of gloves (worn)
 q - a +2 kite shield (worn)
 r - an orb of energy
 u - a +1 cloak (worn)
 D - a +1 leather armour of willpower (worn)
Jewellery
 p - the ring of Monoodid (right hand) {rF+++ rN+ rCorr Dex+6}
   (You acquired it on level 7 of the Dungeon)

   [ring of positive energy]

   Dex:       It affects your dexterity (+6).
   rF:        It renders you almost immune to fire.
   rN:        It protects you from negative energy.
   rCorr:     It protects you from acid and corrosion.
 w - a ring of poison resistance
 y - the amulet "Finnic" (around neck) {rC+ Regen+ Str+2}
   (You found it on level 3 of the Dungeon)

   [amulet of regeneration]

   Str:       It affects your strength (+2).
   rC:        It protects you from cold.
   Regen:     It increases your rate of health regeneration.
 E - a ring of fire
 I - a ring of magical power (left hand)
Wands
 e - a wand of flame (23)
 t - a wand of charming (9)
 F - a wand of mindburst (4)
 K - a wand of polymorph (3)
 L - a wand of iceblast (8)
Scrolls
 f - a scroll of fear
 g - a scroll of brand weapon
 j - 3 scrolls of amnesia
 l - 5 scrolls of teleportation
 o - a scroll of magic mapping
 z - a scroll of fog
 B - 7 scrolls of identify
 G - 4 scrolls of noise
 M - a scroll of immolation
 N - a scroll of enchant weapon
 O - a scroll of poison
Potions
 b - 3 potions of magic
 d - 5 potions of curing
 h - 4 potions of mutation
 i - a potion of brilliance
 m - a potion of flight
 n - 2 potions of heal wounds
 s - 2 potions of haste
 v - 2 potions of degeneration
 x - a potion of resistance
 C - 4 potions of berserk rage
 J - a potion of cancellation


   Skills:
 - Level 6.9 Fighting
 - Level 7.4 Dodging
 - Level 2.4 Stealth
 + Level 10.2 Shields
 - Level 12.0 Spellcasting
 - Level 10.7 Conjurations
 - Level 4.4 Hexes
 - Level 9.5 Translocations
 - Level 6.6 Air Magic


You had 19 spell levels left.
You knew the following spells:

 Your Spells              Type           Power      Damage    Failure   Level
a - Magic Dart            Conj           100%       1d8       1%          1
b - Searing Ray           Conj           100%       2d8       1%          2
c - Iskenderun's Mystic   Conj/Tloc      78%        2d16      1%          4
d - Slow                  Hex            100%       N/A       3%          1
e - Confusing Touch       Hex            54%        N/A       9%          3
f - Static Discharge      Conj/Air       73%        3-13/arc  1%          2
g - Dazzling Flash        Conj/Hex       100%       N/A       1%          3

Your spell library contained the following spells:

 Spells                   Type           Power      Damage    Failure   Level
 Hailstorm                Conj/Ice       58%        3d13      4%          4
 Apportation              Tloc           100%       N/A       1%          1
 Foxfire                  Conj/Fire      100%       2x1d9     1%          1
 Conjure Flame            Conj/Fire      58%        6-21      1%          3
 Fulminant Prism          Conj/Hex       34%        3d16      2%          4
 Flame Wave               Conj/Fire      58%        2d14      4%          4
 Inner Flame              Hex/Fire       39%        N/A       5%          3
 Frozen Ramparts          Ice            44%        1d7       12%         3
 Necrotise                Necr           88%        1d8       16%         1
 Sting                    Tmut/Pois      88%        1d7       16%         1
 Sublimation of Blood     Necr           22%        N/A       22%         2
 Wereblood                Tmut           22%        N/A       22%         2
 Ozocubu's Armour         Ice            22%        N/A       41%         3
 Vampiric Draining        Necr           22%        2d7       41%         3
 Ice Form                 Ice/Tmut       22%        N/A       78%         4
 Summon Ice Beast         Ice/Summ       22%        N/A       78%         4
 Metabolic Englaciation   Hex/Ice        19%        N/A       83%         5
 Agony                    Necr           22%        N/A       98%         5
 Alistair's Intoxication  Tmut/Pois      14%        N/A       98%         5
 Borgnjor's Vile Clutch   Necr/Erth      11%        N/A       98%         5
 Eringya's Noxious Bog    Tmut/Pois      11%        N/A       98%         6
 Simulacrum               Ice/Necr       11%        N/A       100%        6
 Summon Hydra             Summ           11%        N/A       100%        7


Dungeon Overview and Level Annotations

Branches:
Dungeon (11/15)            Temple (1/1) D:7            Lair (3/5) D:11
  Snake (0/4) Lair:3          Orc (0/2) D:11          Sewer (visited)
  Swamp: Lair:2-3    Shoals: Lair:2-3

Altars:
Cheibriados
Fedhas
Hepliaklqana
Kikubaaqudgha
Makhleb
Nemelex Xobeh
Okawaru
Qazlal
Sif Muna
Trog
Vehumet
Xom
Yredelemnul
Zin

Shops:
D:10 *   D:11 (

Annotations:
D:9 2 transporters, liarliar's ghost, novice FoHu


Innate Abilities, Weirdness & Mutations

You are partially covered in iridescent scales. (AC +2)
Your flesh is cold resistant. (rC+)
Your spells are a little harder to cast, but a little more powerful.


Message History

You erupt in a blast of force!
The mystic blast hits the plant.
The plant begins to die.
The plant is lightly damaged.
The mystic blast hits the guardian serpent!
The guardian serpent is heavily wounded.
The guardian serpent is knocked back by the mystic blast.
The mystic blast hits the bush!
The bush is lightly damaged.
You feel very sick.
Casting: Iskenderun's Mystic Blast (dangerous; 1% risk of failure)
Confirm with . or Enter, or press ? or * to list all spells.
You erupt in a blast of force!
The mystic blast hits the plant!
The plant is lightly damaged.
The mystic blast hits the guardian serpent!
The guardian serpent is severely wounded.
The guardian serpent is knocked back by the mystic blast.
The mystic blast hits the bush!
The bush is moderately damaged.
You feel very sick.
The guardian serpent coils itself and waves its upper body at you.
The bolt of poison misses you.
You feel sick.
The guardian serpent coils itself and waves its upper body at you.
The bolt of poison hits you!
You are more poisoned.
You feel very sick.
You block the guardian serpent's attack.
You feel very sick. The guardian serpent hits you!
* * * LOW HITPOINT WARNING * * *
There is a stone staircase leading up here.
Aiming: Magic Dart (safe; 1% risk of failure)
Press: ? - help, Q - select action, (/) - cycle Shift-Dir - straight line, f/p - guardian serpent
Aim: a guardian serpent (severely wounded, 100% to hit)
Okay, then.
Unknown command.
* * * LOW HITPOINT WARNING * * *
You feel very sick. The guardian serpent hits you!
You die...

..........##.#.........#.#
....#......#.#..........##
....#..............#....#
......#.......#...#.....#
......#...##.#.....P...##
..........P..##....P...#
.........P.P.#.........##
..........##.#....#..#..##
...>.....[......@..#.#.#.#
.#....#.........S..P.#..##
........#..............##
..#.........D...#.##...#
.##...#.#.......#......##
........#.......P.......#
.P................##.P.##
.#.........>..#...#P...P#
..#.#........##.P.#....##


You could see a four-headed hydra and a guardian serpent.

Vanquished Creatures
  2 boulder beetles
  3 hydras
  A manticore (D:11)
  An oklob plant (Lair:3)
  A cyclops (D:11)
  5 black mambas (Lair:1)
  A gargoyle (D:5)
  6 komodo dragons
  A torpor snail (Lair:3)
  2 cane toads
  A kobold demonologist (D:10)
  2 rime drakes (Lair:3)
  A tengu conjurer (D:8)
  A polar bear (Lair:2)
  A troll (D:8)
  A hornet (D:7)
  Grinder (D:4)
  4 dream sheep (Lair:3)
  3 shadows (D:11)
  21 yaks
  A vampire (D:11)
  3 wyverns
  A basilisk (Lair:2)
  A steam dragon (D:9)
  4 vampire mosquitoes (D:10)
  Menkaure (D:7)
  9 water moccasins
  A swamp worm (Lair:3)
  3 ice beasts
  4 black bears
  5 orc warriors
  2 sky beasts (D:6)
  A centaur (D:6)
  4 ogres
  3 wolves (Lair:1)
  2 phantoms
  2 kobold brigands
  A necrophage (D:7)
  2 gnoll sergeants
  8 bullfrogs
  A scorpion (D:5)
  18 killer bees
  2 howler monkeys
  4 jellies
  3 gnoll boudas
  4 orc priests
  10 hounds
  4 iguanas
  16 orc wizards
  9 adders
  20 gnolls
  6 river rats
  A worm (D:4)
  4 dart slugs
  56 orcs
  15 ball pythons
  13 endoplasms
  10 giant cockroaches
  14 goblins
  5 hobgoblins
  6 jackals
  15 kobolds
  4 quokkas
  5 bats
  3 frilled lizards
  18 rats
383 creatures vanquished.

Vanquished Creatures (collateral kills)
  Harold (Lair:1)
  2 orc priests (D:9)
3 creatures vanquished.

Vanquished Creatures (others)
  18 fungi
  21 plants
39 creatures vanquished.

Grand Total: 425 creatures vanquished

Notes
Turn   | Place    | Note
-------+----------+-------------------------------------------
     0 | D:1      | groovy9 the Deep Elf Conjurer began the quest for the Orb.
     0 | D:1      | Reached XP level 1. HP: 10/10 MP: 6/6
   101 | D:1      | Found a faded altar of an unknown god.
   191 | D:1      | Reached XP level 2. HP: 15/15 MP: 5/8
   278 | D:1      | Learned a level 2 spell: Searing Ray
   706 | D:1      | Reached skill level 4 in Spellcasting
  1077 | D:2      | Reached skill level 5 in Conjurations
  1077 | D:2      | Reached XP level 3. HP: 19/19 MP: 6/10
  1174 | D:2      | Found Dohoe's General Store.
  1692 | D:2      | Reached XP level 4. HP: 24/24 MP: 8/12
  1923 | D:2      | Reached skill level 5 in Spellcasting
  1945 | D:2      | Reached XP level 5. HP: 28/28 MP: 6/14
  2125 | D:2      | You fall into a shaft and drop 1 floor!
  2752 | D:3      | Learned a level 4 spell: Iskenderun's Mystic Blast
  2786 | D:3      | Identified the amulet "Finnic" {rC+ Regen+ Str+2}
  2870 | D:3      | Found a blossoming altar of Fedhas.
  3337 | D:4      | Noticed Grinder
  3542 | D:4      | Reached skill level 1 in Translocations
  3686 | D:4      | Found a glowing drain.
  3746 | Sewer    | Entered a sewer
  3871 | Sewer    | Reached XP level 6. HP: 32/32 MP: 14/16
  4296 | Sewer    | Found a viscous altar of Jiyva.
  4508 | D:4      | Paralysed by Grinder for 5 turns
  4516 | D:4      | Killed Grinder
  4517 | D:4      | Reached skill level 5 in Translocations
  4517 | D:4      | Reached XP level 7. HP: 13/36 MP: 6/17
  4721 | D:5      | Entered Level 5 of the Dungeon
  5290 | D:5      | Reached skill level 6 in Spellcasting
  5629 | D:5      | Reached skill level 7 in Spellcasting
  5697 | D:5      | Noticed a gargoyle
  5718 | D:5      | Reached XP level 8. HP: 24/41 MP: 10/20
  5954 | D:6      | Reached skill level 8 in Spellcasting
  6654 | D:6      | Reached skill level 1 in Fighting
  7364 | D:5      | Reached XP level 9. HP: 50/50 MP: 17/23
  7439 | D:5      | Killed a gargoyle
  8053 | D:7      | Noticed Menkaure
  8064 | D:7      | Killed Menkaure
  8065 | D:7      | Reached skill level 5 in Dodging
  8222 | D:7      | Reached skill level 5 in Fighting
  8621 | D:7      | Identified a scroll of acquirement
  8622 | D:7      | Acquired the ring of Monoodid {rF+++ rN+ rCorr Dex+6}
  8725 | D:7      | Found a staircase to the Ecumenical Temple.
  8739 | Temple   | Entered the Ecumenical Temple
  8748 | Temple   | Became a worshipper of Vehumet
  9170 | D:7      | Gained mutation: Your flesh is cold resistant. (rC+)
                  | [potion of mutation]
  9170 | D:7      | Gained mutation: Your spells are a little harder to cast,
                  | but a little more powerful. [potion of mutation]
  9170 | D:7      | Gained mutation: You are partially covered in iridescent
                  | scales. (AC +2) [potion of mutation]
  9233 | D:8      | Noticed a troll
  9241 | D:8      | Killed a troll
  9246 | D:8      | Noticed a tengu conjurer
  9510 | D:8      | Reached XP level 10. HP: 61/61 MP: 15/24
 10128 | D:8      | Reached * piety under Vehumet
 10128 | D:8      | Offered knowledge of Freeze by Vehumet.
 10186 | D:8      | Learned a level 1 spell: Slow
 10374 | D:9      | Reached skill level 1 in Hexes
 10533 | D:9      | Found a transporter.
 10533 | D:9      | Found a transporter.
 10533 | D:9      | Noticed a centaur warrior
 10533 | D:9      | Noticed liarliar's ghost (novice FoHu)
 11206 | D:9      | Learned a level 3 spell: Confusing Touch
 11229 | D:10     | Entered Level 10 of the Dungeon
 11337 | D:9      | Reached skill level 9 in Spellcasting
 11357 | D:10     | Offered knowledge of Shock by Vehumet.
 11367 | D:10     | Reached ** piety under Vehumet
 12195 | D:10     | Reached skill level 10 in Spellcasting
 12622 | D:10     | Found Uveg's General Store.
 12821 | D:11     | Offered knowledge of Static Discharge by Vehumet.
 12825 | D:11     | Learned a level 2 spell: Static Discharge
 12946 | D:11     | Noticed a boulder beetle
 12964 | D:11     | Killed a boulder beetle
 12965 | D:11     | Reached skill level 1 in Air Magic
 12965 | D:11     | Reached XP level 11. HP: 55/66 MP: 27/27
 13009 | D:11     | Found Leoq's Weapon Emporium.
 13107 | D:11     | Found a staircase to the Lair.
 13171 | D:11     | Reached *** piety under Vehumet
 13437 | D:11     | Found a staircase to the Orcish Mines.
 13737 | D:11     | Offered knowledge of Airstrike by Vehumet.
 13742 | D:11     | Learned a level 3 spell: Dazzling Flash
 14025 | D:11     | Got the Encyclopedia of Shaping and the Stinger
 14099 | Lair:1   | Entered Level 1 of the Lair of Beasts
 14115 | Lair:1   | Noticed a boulder beetle
 14126 | Lair:1   | Killed a boulder beetle
 14127 | Lair:1   | Reached skill level 11 in Spellcasting
 14127 | Lair:1   | Reached skill level 10 in Conjurations
 14387 | Lair:1   | Found an iron altar of Okawaru.
 14398 | Lair:1   | Noticed a four-headed hydra
 14408 | Lair:1   | Killed a four-headed hydra
 14409 | Lair:1   | Reached skill level 5 in Air Magic
 15081 | Lair:1   | You fall into a shaft and drop 1 floor!
 15081 | Lair:2   | Noticed Harold
 15097 | Lair:1   | Killed Harold
 15151 | Lair:1   | Noticed a seven-headed hydra
 15161 | Lair:1   | Killed a seven-headed hydra
 15162 | Lair:1   | Reached XP level 12. HP: 59/71 MP: 23/29
 15266 | Lair:1   | Reached **** piety under Vehumet
 15518 | D:10     | Reached skill level 12 in Spellcasting
 15698 | Lair:2   | Reached skill level 1 in Shields
 16090 | Lair:2   | Reached skill level 5 in Shields
 17265 | Lair:3   | Offered knowledge of Hailstorm by Vehumet.
 17650 | Lair:3   | Noticed an eight-headed hydra
 17652 | Lair:3   | Killed an eight-headed hydra
 17657 | Lair:3   | Noticed a four-headed hydra
 17794 | Lair:3   | Found the +13 scythe of Curses {drain, Drain}
 17844 | Lair:3   | Found a staircase to the Snake Pit.
 17894 | Lair:3   | Found an ancient bone altar of Kikubaaqudgha.
 17923 | Lair:3   | Reached skill level 10 in Shields
 18104 | Lair:3   | Mangled by a guardian serpent

Illustrated notes

Levels and vault maps discovered:
D:1:      grunt_arrival_crossed_arrows, layout_loops_ring,
          dreamdust_ecumenical_altar_grove
D:2:      layout_basic, serial_co_window_serial, co_window_paths_b,
          co_window_corner_a, co_window_paths_a, co_window_corner_a,
          co_window_paths_a, co_window_corner_b, co_window_of_opportunity_c,
          co_window_of_opportunity_c, co_window_broadway_a, serial_shops,
          nicolae_shop_waterfront, minmay_increasing_density
D:3:      layout_basic, fedhas_ov_isle_minmay
D:4:      layout_basic, portal_sewer_entry_c, wad_rectangle_vault, uniq_grinder
D:5:      minmay_chambers_of_fours, layout_basic
D:6:      layout_basic, nicolae_elevator_lobby_asterisk
D:7:      layout_basic, minmay_temple_entry_offerings, minmay_misc_feat_chi,
          uniq_menkaure
D:8:      layout_basic, minmay_manual_moon
D:9:      layout_rooms, gammafunk_ghost_arena
D:10:     layout_big_octagon, serial_gnoll_camp, gnoll_camp_mini_doghouse,
          gnoll_camp_mini_shop, gnoll_camp_mini_basic, gnoll_camp_medium_01
D:11:     layout_roguey, lair_entry_dummy, david_orc_2, serial_shops,
          nicolae_square_shop, grunt_ministairs_1, ebering_dispersal_statue_hall
Temple:   compressed_dpeg_triangle_lava_temple
Lair:1:   statuecave_lemuel, layout_cellular_growth, basic_altar,
          grunt_megastairs_2
Lair:2:   layout_small_grid, minivault_23, uniq_harold
Lair:3:   layout_long_grid, palyth_hydra_swamp_entry,
          minmay_snake_entry_spellcaster, lemuel_oklob_altar

Skill      XL: |  1  2  3  4  5  6  7  8  9 10 11 12 |
---------------+-------------------------------------+-----
Spellcasting   | 4 5 7 8 10 11 12 | 12.0
Conjurations   | 5 6 7 8 9 10 | 10.7
Translocations | 2 5 6 8 9 |  9.5
Fighting       | 3 6 |  6.9
Dodging        | 4 7 |  7.4
Hexes          | 4 |  4.4
Air Magic      | 1 6 |  6.6
Shields        | 10 | 10.2
Stealth        | |  2.4

Action                   |  1- 3 |  4- 6 |  7- 9 | 10-12 || total
-------------------------+-------+-------+-------+-------++-------
Melee: Hand axe          |     6 |       |       |       ||     6
       Dagger            |       |     2 |       |       ||     2
 Cast: Magic Dart        |    78 |   118 |    77 |   173 ||   446
       Searing Ray       |     1 |    19 |    81 |   155 ||   256
       Iskenderun's Myst |       |       |    10 |    85 ||    95
       Static Discharge  |       |       |       |    16 ||    16
       Slow              |       |       |       |     3 ||     3
  Use: Scroll            |     6 |     8 |     7 |     8 ||    29
       Potion            |       |     6 |     6 |     5 ||    17
Armor: Robe              |     4 |     3 |     8 |     3 ||    18
       Leather armour    |       |       |       |    35 ||    35
       Skin              |       |       |       |     3 ||     3
Dodge: Dodged            |    12 |    20 |    56 |   130 ||   218
Block: Kite shield       |       |       |       |     9 ||     9
